PL
BUCKHEAD BOWTIES @ D.C. DIVIDED
06/04/2034
 
TOP OF THE 1ST
Buckhead Bowties batting - Pitching for D.C. Divided : RHP Manuel Delgadillo
Pitching: RHP Manuel Delgadillo
Batting: LHB José Valéncia 0-0: Ball
1-0: Called Strike
1-1: Ball
2-1: Ball
3-1: Swinging Strike
3-2: Foul Ball, location: 2F
3-2: Strikes out looking
Batting: LHB Yu-zeng Si 0-0: Swinging Strike
0-1: Ball
1-1: Ball
2-1: Foul Ball, location: 2F
2-2: Ball
3-2: Base on Balls
Batting: RHB Richard Jost 0-0: Called Strike
0-1: Foul Ball, location: 2F
0-2: Strikes out looking
Batting: RHB Daniel McCoy 0-0: Ball
1-0: Foul Ball, location: 2F
1-1: Ball
2-1: Foul Ball, location: 2F
2-2: Strikes out swinging
Top of the 1st over - 0 runs, 0 hits, 0 errors, 1 left on base; Buckhead 0 - D.C. 0
BOTTOM OF THE 1ST
D.C. Divided batting - Pitching for Buckhead Bowties : RHP José García
Pitching: RHP José García
Batting: RHB Arturo Rodríguez 0-0: Ball
1-0: Fly out, F8 (Flyball, 8LM)
Batting: RHB Ken Bone 0-0: DOUBLE (Line Drive, 78D)
Batting: LHB Yao-pang Chiang 0-0: Ball
1-0: Foul Ball, location: 2F
1-1: Foul Ball, location: 2F
1-2: Foul Ball, location: 2F
1-2: SINGLE (Groundball, 6MD)
Ken Bone to third
Batting: RHB Wilbur Davis 0-0: Reached on error, E5 (Groundball, 56S)
Ken Bone scores
Yao-pang Chiang to third
Batting: RHB Daryl Yandell 0-0: Ball
1-0: DOUBLE (Line Drive, 7LM)
Yao-pang Chiang scores
Wilbur Davis scores
Batting: RHB Tony Romero 0-0: Ball
1-0: Fly out, F9 (Flyball, 9D)
Batting: LHB Raúl Aguirre 0-0: Ball
1-0: Ball
2-0: Foul Ball, location: 2F
2-1: Foul Ball, location: 2F
2-2: Reached on error, E1 (Groundball, 13S)
Daryl Yandell scores
Batting: RHB Nick Boyd 0-0: Ball
1-0: Called Strike
1-1: Ball
Wild Pitch!
Raúl Aguirre to third
2-1: Swinging Strike
2-2: Strikes out swinging
Bottom of the 1st over - 4 runs, 3 hits, 2 errors, 1 left on base; Buckhead 0 - D.C. 4
TOP OF THE 2ND
Buckhead Bowties batting - Pitching for D.C. Divided : RHP Manuel Delgadillo
Batting: RHB Derek Bangert 0-0: Ball
1-0: Foul Ball, location: 2F
1-1: Ball
2-1: Ground out 6-3 (Groundball, 6)
Batting: LHB Shunso Kiyomizu 0-0: Foul Ball, location: 2F
0-1: Called Strike
0-2: Ball
1-2: Ball
2-2: Ball
3-2: Strikes out swinging
Batting: RHB David Edwards 0-0: Ball
1-0: Called Strike
1-1: Foul Ball, location: 2F
1-2: Foul Ball, location: 2F
1-2: Fly out, F9 (Flyball, 9D)
Top of the 2nd over - 0 runs, 0 hits, 0 errors, 0 left on base; Buckhead 0 - D.C. 4
BOTTOM OF THE 2ND
D.C. Divided batting - Pitching for Buckhead Bowties : RHP José García
Batting: RHB Sherman N'Dir 0-0: Ball
1-0: Foul Ball, location: 2F
1-1: Ball
2-1: Ball
3-1: DOUBLE (Line Drive, 78D)
Batting: RHB Arturo Rodríguez 0-0: Ball
1-0: Foul Ball, location: 2F
1-1: Ball
2-1: Ball
3-1: Foul Ball, location: 2F
3-2: Strikes out looking
Batting: RHB Ken Bone 0-0: Ground out 6-3 (Groundball, 6)
Batting: LHB Yao-pang Chiang 0-0: Called Strike
0-1: Called Strike
0-2: Ball
1-2: Foul Ball, location: 2F
1-2: Ball
Wild Pitch!
Sherman N'Dir to third
2-2: Fly out, F7 (Flyball, 7LD)
Bottom of the 2nd over - 0 runs, 1 hit, 0 errors, 1 left on base; Buckhead 0 - D.C. 4
TOP OF THE 3RD
Buckhead Bowties batting - Pitching for D.C. Divided : RHP Manuel Delgadillo
Batting: LHB Edwin Church 0-0: DOUBLE (Line Drive, 78M)
Batting: RHB Raúl Ruíz 0-0: Foul Ball, location: 2F
0-1: Ball
1-1: Ball
2-1: Ball
3-1: Base on Balls
Batting: LHB José Valéncia 0-0: SINGLE (Line Drive, 9S)
Edwin Church to third
Raúl Ruíz to second
Batting: LHB Yu-zeng Si 0-0: Ball
1-0: SINGLE (Groundball, 3) (infield hit)
Edwin Church scores
Raúl Ruíz to third
José Valéncia to second
Batting: RHB Richard Jost 0-0: Foul Ball, location: 2F
0-1: Ball
1-1: Ball
2-1: Ball
3-1: Base on Balls
Raúl Ruíz scores
José Valéncia to third
Yu-zeng Si to second
Batting: RHB Daniel McCoy 0-0: Foul Ball, location: 2F
0-1: Fly out, F6 (Popup, 6MD)
Batting: RHB Derek Bangert 0-0: Foul Ball, location: 2F
0-1: Ball
1-1: Called Strike
1-2: Ball
2-2: Ball
3-2: Strikes out swinging
Batting: LHB Shunso Kiyomizu 0-0: Called Strike
0-1: Ground out 4-3 (Groundball, 4)
Top of the 3rd over - 2 runs, 3 hits, 0 errors, 3 left on base; Buckhead 2 - D.C. 4
BOTTOM OF THE 3RD
D.C. Divided batting - Pitching for Buckhead Bowties : RHP José García
Batting: RHB Wilbur Davis 0-0: Called Strike
0-1: Ball
1-1: Ground out 1-3 (Groundball, 13S)
Batting: RHB Daryl Yandell 0-0: Called Strike
0-1: Ground out 4-3 (Groundball, 4M)
Batting: RHB Tony Romero 0-0: Called Strike
0-1: Ball
1-1: Foul Ball, location: 2F
1-2: Ball
2-2: Strikes out looking
Bottom of the 3rd over - 0 runs, 0 hits, 0 errors, 0 left on base; Buckhead 2 - D.C. 4
TOP OF THE 4TH
Buckhead Bowties batting - Pitching for D.C. Divided : RHP Manuel Delgadillo
Batting: RHB David Edwards 0-0: Called Strike
0-1: Ball
1-1: Ball
2-1: Fly out, F7 (Flyball, 7S)
Batting: LHB Edwin Church 0-0: Ball
1-0: Called Strike
1-1: Called Strike
1-2: Foul Ball, location: 2F
1-2: Strikes out swinging
Batting: RHB Raúl Ruíz 0-0: Called Strike
0-1: Called Strike
0-2: Ball
1-2: Ball
2-2: Ball
3-2: Ground out 6-3 (Groundball, 6)
Top of the 4th over - 0 runs, 0 hits, 0 errors, 0 left on base; Buckhead 2 - D.C. 4
BOTTOM OF THE 4TH
D.C. Divided batting - Pitching for Buckhead Bowties : RHP José García
Batting: LHB Raúl Aguirre 0-0: Called Strike
0-1: Ball
1-1: Foul Ball, location: 2F
1-2: Foul Ball, location: 2F
1-2: Foul Ball, location: 2F
1-2: Foul Ball, location: 2F
1-2: Ball
2-2: Foul Ball, location: 2F
2-2: Ball
3-2: Ground out 4-3 (Groundball, 4S)
Batting: RHB Nick Boyd 0-0: Called Strike
0-1: Ball
1-1: Foul Ball, location: 2F
1-2: Foul Ball, location: 2F
1-2: Foul Ball, location: 2F
1-2: Strikes out swinging
Batting: RHB Sherman N'Dir 0-0: Called Strike
0-1: Ball
1-1: SINGLE (Groundball, 15S) (infield hit)
Batting: RHB Arturo Rodríguez 0-0: SINGLE (Groundball, 56D)
Sherman N'Dir to second
Batting: RHB Ken Bone 0-0: Ball
1-0: Foul Ball, location: 2F
1-1: Swinging Strike
1-2: SINGLE (Groundball, 6MD)
Sherman N'Dir to third
Arturo Rodríguez to second
Runner from 3rd tries for Home, SAFE, no throw
Batting: LHB Yao-pang Chiang 0-0: Foul Ball, location: 2F
0-1: Called Strike
0-2: Strikes out swinging
Bottom of the 4th over - 1 run, 3 hits, 0 errors, 2 left on base; Buckhead 2 - D.C. 5
TOP OF THE 5TH
Buckhead Bowties batting - Pitching for D.C. Divided : RHP Manuel Delgadillo
Batting: LHB José Valéncia 0-0: Called Strike
0-1: Ball
1-1: Foul Ball, location: 2F
1-2: Foul Ball, location: 2F
1-2: Foul Ball, location: 2F
1-2: SINGLE (Groundball, 34D)
Batting: LHB Yu-zeng Si 0-0: Ball
1-0: Bunted foul
1-1: Sac Bunt - play at first, batter OUT! 1-4
José Valéncia to second
Batting: RHB Richard Jost 0-0: Ball
1-0: Foul Ball, location: 2F
1-1: Foul Ball, location: 2F
1-2: Strikes out looking
Batting: RHB Daniel McCoy 0-0: Ground out 6-3 (Groundball, 6)
Top of the 5th over - 0 runs, 1 hit, 0 errors, 1 left on base; Buckhead 2 - D.C. 5
BOTTOM OF THE 5TH
D.C. Divided batting - Pitching for Buckhead Bowties : RHP José García
Batting: RHB Wilbur Davis 0-0: Ball
1-0: Ground out 5-3 (Groundball, 56S)
Batting: RHB Daryl Yandell 0-0: Ball
1-0: Ball
2-0: Foul Ball, location: 2F
2-1: Foul Ball, location: 2F
2-2: Fly out, F9 (Flyball, 9D)
Batting: RHB Tony Romero 0-0: Called Strike
0-1: Ball
1-1: SINGLE (Groundball, 34D)
Batting: LHB Raúl Aguirre 0-0: Called Strike
Tony Romero steals 2nd base
0-1: Ball
1-1: Swinging Strike
1-2: Ground out 6-3 (Groundball, 6)
Bottom of the 5th over - 0 runs, 1 hit, 0 errors, 1 left on base; Buckhead 2 - D.C. 5
TOP OF THE 6TH
Buckhead Bowties batting - Pitching for D.C. Divided : RHP Manuel Delgadillo
Batting: RHB Derek Bangert 0-0: Ball
1-0: Called Strike
1-1: Ball
2-1: Ball
3-1: Foul Ball, location: 2F
3-2: Base on Balls
Batting: LHB Shunso Kiyomizu 0-0: Foul Ball, location: 2F
0-1: Ball
1-1: Fly out, F9 (Flyball, 9LM)
Batting: RHB David Edwards 0-0: Ball
1-0: Ball
2-0: SINGLE (Flyball, 7S)
Derek Bangert to second
Batting: LHB Edwin Church 0-0: Ball
1-0: Called Strike
1-1: Grounds into double play, 4-6-3 (Groundball, 4D)
Top of the 6th over - 0 runs, 1 hit, 0 errors, 1 left on base; Buckhead 2 - D.C. 5
BOTTOM OF THE 6TH
D.C. Divided batting - Pitching for Buckhead Bowties : RHP José García
Batting: RHB Nick Boyd 0-0: Ball
1-0: Foul Ball, location: 2F
1-1: Ball
2-1: Ground out 4-3 (Groundball, 4)
Batting: RHB Sherman N'Dir 0-0: Swinging Strike
0-1: Foul Ball, location: 2F
0-2: Foul Ball, location: 2F
0-2: Ball
1-2: Foul Ball, location: 2F
1-2: Ball
2-2: Ball
3-2: Strikes out swinging
Batting: RHB Arturo Rodríguez 0-0: Swinging Strike
0-1: Foul Ball, location: 2F
0-2: Ball
1-2: Fly out, F8 (Flyball, 78XD)
Bottom of the 6th over - 0 runs, 0 hits, 0 errors, 0 left on base; Buckhead 2 - D.C. 5
TOP OF THE 7TH
Buckhead Bowties batting - Pitching for D.C. Divided : RHP Manuel Delgadillo
Batting: RHB Raúl Ruíz 0-0: Ball
1-0: Fly out, F9 (Flyball, 9S)
Batting: LHB José Valéncia 0-0: Swinging Strike
0-1: Ball
1-1: Ball
2-1: Foul Ball, location: 2F
2-2: Foul Ball, location: 2F
2-2: Foul Ball, location: 2F
2-2: Fly out, F7 (Flyball, 7)
Batting: LHB Yu-zeng Si 0-0: Foul Ball, location: 2F
0-1: Ball
1-1: Foul Ball, location: 2F
1-2: SINGLE (Line Drive, 9LS)
Pitching: RHP Baker Mayfield
Batting: RHB Richard Jost 0-0: Foul Ball, location: 2F
0-1: Ball
1-1: Ball
2-1: Ball
3-1: Foul Ball, location: 2F
3-2: Strikes out swinging
Top of the 7th over - 0 runs, 1 hit, 0 errors, 1 left on base; Buckhead 2 - D.C. 5
BOTTOM OF THE 7TH
D.C. Divided batting - Pitching for Buckhead Bowties : RHP José García
Batting: RHB Ken Bone 0-0: Called Strike
0-1: Ground out 6-3 (Groundball, 6)
Batting: LHB Yao-pang Chiang 0-0: Ball
1-0: Ball
2-0: Swinging Strike
2-1: SINGLE (Groundball, 34D)
Pitching: LHP Yajirobei Otomo
Batting: RHB Wilbur Davis 0-0: Ball
1-0: Foul Ball, location: 2F
1-1: Foul Ball, location: 2F
1-2: Ball
2-2: Foul Ball, location: 2F
2-2: Strikes out swinging
Batting: RHB Daryl Yandell 0-0: Called Strike
0-1: Ball
1-1: Swinging Strike
1-2: Ball
2-2: Foul Ball, location: 2F
2-2: Strikes out swinging
Bottom of the 7th over - 0 runs, 1 hit, 0 errors, 1 left on base; Buckhead 2 - D.C. 5
TOP OF THE 8TH
Buckhead Bowties batting - Pitching for D.C. Divided : RHP Baker Mayfield
Batting: RHB Daniel McCoy 0-0: Ball
1-0: Ball
2-0: Called Strike
2-1: Called Strike
2-2: Foul Ball, location: 2F
2-2: Ball
3-2: Foul Ball, location: 2F
3-2: Fly out, F9 (Flyball, 89S)
Batting: RHB Derek Bangert 0-0: Called Strike
0-1: Ball
1-1: Ball
2-1: Foul Ball, location: 2F
2-2: Ground out 5-3 (Groundball, 56S)
Batting: LHB Shunso Kiyomizu 0-0: Called Strike
0-1: Ball
1-1: Ball
2-1: SINGLE (Groundball, 34D)
Pitching: RHP Dale Kurth
Batting: RHB David Edwards 0-0: Swinging Strike
0-1: Ball
1-1: Fly out, F7 (Line Drive, 7)
Top of the 8th over - 0 runs, 1 hit, 0 errors, 1 left on base; Buckhead 2 - D.C. 5
BOTTOM OF THE 8TH
D.C. Divided batting - Pitching for Buckhead Bowties : LHP Yajirobei Otomo
Batting: RHB Tony Romero 0-0: Called Strike
0-1: Fly out, F9 (Flyball, 9S)
Batting: LHB Raúl Aguirre 0-0: Ball
1-0: Foul Ball, location: 2F
1-1: Foul Ball, location: 2F
1-2: Reached on error, E3 (Groundball, 34)
Batting: RHB Nick Boyd 0-0: Ball
1-0: Ball
2-0: Called Strike
2-1: Ball
3-1: Foul Ball, location: 2F
3-2: Foul Ball, location: 2F
3-2: Foul Ball, location: 2F
3-2: Base on Balls
Raúl Aguirre to second
Batting: RHB Sherman N'Dir 0-0: Grounds into double play, 6-4-3 (Groundball, 6D)
Bottom of the 8th over - 0 runs, 0 hits, 1 error, 1 left on base; Buckhead 2 - D.C. 5
TOP OF THE 9TH
Buckhead Bowties batting - Pitching for D.C. Divided : RHP Dale Kurth
Pitching: RHP Roberto Silva
Batting: LHB Edwin Church 0-0: Foul Ball, location: 2F
0-1: Ball
1-1: Swinging Strike
1-2: Ball
2-2: Ball
3-2: Strikes out swinging
Batting: RHB Raúl Ruíz 0-0: Ball
1-0: Called Strike
1-1: Ball
2-1: Ball
3-1: Swinging Strike
3-2: Strikes out swinging
Batting: LHB José Valéncia 0-0: Called Strike
0-1: Ball
1-1: Ball
2-1: Foul Ball, location: 2F
2-2: Strikes out swinging
Top of the 9th over - 0 runs, 0 hits, 0 errors, 0 left on base; Buckhead 2 - D.C. 5
Friday, March 29th, 2019 - OOTP Baseball 18.8 Build 76